 Dungeon Crawl Stone Soup version 0.17-a0-910-ga669010 (webtiles) character file.

490 oplop the Ducker (level 6, -9/28 HPs)
             Began as a Spriggan Enchanter on May 2, 2015.
             Killed by divine providence
             ... invoked by an orc priest
              (14 damage)
             ... on level 5 of the Dungeon.
             The game lasted 00:08:47 (4159 turns).

oplop the Ducker (Spriggan Enchanter)               Turns: 4159, Time: 00:08:47

Health: -9/28      AC:  4    Str:  4    XL:     6   Next: 90%
Magic:  15/15      EV: 23    Int: 18    God:
Gold:   41         SH:  0    Dex: 22    Spells: 4 memorised, 6 levels left

rFire  . . .     SeeInvis +     b - +0 blowgun
rCold  . . .     Clarity  .     A - +1 robe
rNeg   . . .     SustAb   +     (shield restricted)
rPois  .         Gourm    .     (helmet restricted)
rElec  .         Spirit   .     n - +0 cloak
rCorr  .         Warding  .     (gloves unavailable)
rMut   .         Stasis   .     (boots unavailable)
MR     +....                    (no amulet)
Stlth  +++.......               v - ring of sustain abilities
                                f - +5 ring of dexterity

@: very quick, somewhat resistant to hostile enchantments, fairly stealthy
A: unfitting armour, see invisible, herbivore 3, speed 3, slow metabolism 2
a: no special abilities


You were on level 5 of the Dungeon.
You were not hungry.

You visited 1 branch of the dungeon, and saw 5 of its levels.

You collected 143 gold pieces.
You spent 102 gold pieces at shops.

Inventory:

Hand weapons
 a - a +1 dagger
 b - a +0 blowgun (weapon)
 D - a +0 dagger of speed
Missiles
 B - 10 poisoned needles (quivered)
Armour
 n - a +0 cloak (worn)
 A - a +1 robe (worn)
Jewellery
 f - a +5 ring of dexterity (left hand)
 v - a ring of sustain abilities (right hand)
Magical devices
 y - a wand of frost (24)
Scrolls
 e - 5 scrolls of identify {unknown}
 h - 2 scrolls of blinking {unknown}
 i - 2 scrolls of amnesia {unknown}
 k - a scroll of magic mapping {unknown}
 r - a scroll of immolation {unknown}
 t - a scroll of noise {unknown}
 u - 2 scrolls of enchant armour {unknown}
 w - 2 scrolls of fear {unknown}
 x - 2 scrolls of remove curse {unknown}
 z - a scroll of teleportation {unknown}
Potions
 g - a potion of magic {unknown}
 j - a potion of curing {unknown}
 l - a potion of might {unknown}
 m - 2 potions of haste {unknown}
 o - 2 potions of invisibility {unknown}
 p - a potion of cure mutation
 q - 2 potions of berserk rage {unknown}
 s - a potion of degeneration {unknown}
Books
 c - a book of Maledictions

   Spells                             Type                      Level
   a - Corona                         Hexes                        1
   b - Ensorcelled Hibernation        Hexes/Ice                    2
   c - Confuse                        Hexes                        3
   d - Tukima's Dance                 Hexes                        3
   e - Dazzling Spray                 Conjuration/Hexes            3
 C - an Akashic Record {highlevel, unknown}

   This book is beyond your current level of understanding.

   Spells                             Type                      Level
   a - Dispersal                      Translocation                6
   b - Controlled Blink               Translocation                7
   c - Malign Gateway                 Summoning/Translocation      7
   d - Disjunction                    Translocation                8
   e - Singularity                    Translocation                9
Comestibles
 d - 3 bread rations


   Skills:
 + Level 3.9 Short Blades
 + Level 5.7 Dodging
 - Level 4.4 Stealth
 + Level 5.3 Spellcasting
 + Level 5.6 Hexes


You had 6 spell levels left.
You knew the following spells:

 Your Spells              Type           Power        Failure   Level  Hunger
a - Corona                Hex            ####...      1%          1    None
b - Ensorcelled Hibernat  Hex/Ice        ##....       8%          2    #......
c - Confuse               Hex            ####....     4%          3    ##.....
d - Tukima's Dance        Hex            ####....     4%          3    ##.....


Dungeon Overview and Level Annotations

Branches:
Dungeon (5/15)
 Temple: D:4-7

Altars:
Dithmenos
Gozag

Shops:
D:4 *   D:5 =

Annotations:
D:3 Pikaro's ghost, experienced TeAE
D:5 ImmaFairy's ghost, experienced FoBe


Innate Abilities, Weirdness & Mutations

You are tiny and cannot use many weapons and most armour.
You have supernaturally acute eyesight.
You are a herbivore.
You cover ground extremely quickly.
You need consume almost no food.


Message History

The poisoned needle barely misses the orc.
The orc completely misses you. The orc misses you.
The orc priest mumbles some strange prayers to Beogh against you.
Something smites you!
* * * LOW HITPOINT WARNING * * *
What do you say? t - Shout!
Orders for allies: a - Attack new target. p - Attack previous target. r - Retreat! s - Stop attacking. w - Wait here. f - Follow me.
Anything else - Stay silent.
Gang up on whom?
Press: ? - help, Dir - move target cursor, f - orc priest, p - orc
Aim: an orc priest, wielding a mace of protection Attack!
The orc priest invokes the aid of Beogh against you.
Something smites you!
Ouch! That really hurt!
You die...

############.##.....#####
##.......##.........#
##..########.#.##....# .
#..## #.#.##....#
...####.#### #.#.#.....#
##.........#######.#.......#
....###.##....##.....##....#
###......(o......#...#######
#
####.#####(..o@#..###########
# #..# ##..........)......# #
#.######..####............# #
#o#≈≈≈#..## #.#..........# #
##.≈≈≈≈≈.# ###..........#
####(.≈≈∩≈≈## ############
..(..#≈≈.≈≈# .......≈.≈##
######...##


You could see an orc priest, an orc and a friendly flail of protection.

Vanquished Creatures
  A water moccasin (D:4)
  A centaur (D:5)
  Ijyb (D:3)
  A giant frog skeleton (D:4)
  A worker ant (D:4)
  2 orc wizards (D:5)
  9 adders
  An ooze (D:3)
  4 worms (D:3)
  3 giant geckos
  5 orcs
  8 bats
  A bat zombie (D:5)
  4 giant cockroaches
  9 goblins
  7 hobgoblins
  6 jackals
  5 kobolds
  2 quokkas (D:4)
  3 ball pythons
  5 giant newts
  10 rats
89 creatures vanquished.

Vanquished Creatures (collateral kills)
  6 orcs
6 creatures vanquished.

Grand Total: 95 creatures vanquished

Notes
Turn   | Place    | Note
--------------------------------------------------------------
     0 | D:1      | oplop, the Spriggan Enchanter, began the quest for the Orb.
     0 | D:1      | Reached XP level 1. HP: 9/9 MP: 5/5
   240 | D:1      | Reached XP level 2. HP: 5/13 MP: 5/7
   613 | D:1      | Learned a level 2 spell: Ensorcelled Hibernation
  1816 | D:2      | Reached XP level 3. HP: 16/16 MP: 9/9
  1899 | D:2      | Found an opulent altar of Gozag.
  2033 | D:2      | Reached XP level 4. HP: 21/21 MP: 2/10
  2281 | D:3      | Noticed Pikaro's ghost (experienced TeAE)
  2323 | D:3      | Learned a level 3 spell: Confuse
  2327 | D:3      | Learned a level 3 spell: Tukima's Dance
  2360 | D:3      | Noticed Ijyb
  2395 | D:3      | Killed Ijyb
  2745 | D:3      | Reached XP level 5. HP: 22/24 MP: 4/12
  3073 | D:3      | Found a shadowy altar of Dithmenos.
  3438 | D:4      | Found Juthrajo's Serpentskin Sales.
  3438 | D:4      | Noticed a water moccasin
  3450 | D:4      | Killed a water moccasin
  3450 | D:4      | Reached skill level 5 in Dodging
  3450 | D:4      | Reached skill level 5 in Spellcasting
  3450 | D:4      | Reached skill level 5 in Hexes
  3450 | D:4      | Reached XP level 6. HP: 19/28 MP: 4/14
  3541 | D:4      | Bought a +0 blowgun for 35 gold pieces
  3541 | D:4      | Bought 12 poisoned needles for 67 gold pieces
  3718 | D:5      | Entered Level 5 of the Dungeon
  3734 | D:5      | Noticed ImmaFairy's ghost (experienced FoBe)
  4092 | D:5      | Found Gatex's Jewellery Emporium.
  4159 | D:5      | Killed from afar by an orc priest

Action                   |  1- 3 |  4- 6 || total
-------------------------+-------+-------++-------
Melee: Dagger            |   116 |   220 ||   336
 Fire: Blowgun           |       |     2 ||     2
 Cast: Corona            |     3 |       ||     3
       Ensorcelled Hiber |    12 |    37 ||    49
       Confuse           |       |    12 ||    12
       Tukima's Dance    |       |     8 ||     8
  Use: Potion            |       |     1 ||     1
 Stab: Sleeping          |    12 |    26 ||    38
       Confused          |       |     2 ||     2
       Distracted        |       |     1 ||     1
  Eat: Bread ration      |       |     1 ||     1
